 Dungeon Crawl Stone Soup version 0.23.0-3-gf3c87f2 (webtiles) character file.

Game seed: 7048794150116035754

104 Scud the Stinger (level 4, -3/21 HPs)
             Began as a Spriggan Venom Mage on Feb 23, 2019.
             Hit by a stone thrown by an orc warrior (18 damage)
             ... on level 3 of the Dungeon on Feb 24, 2019.
             The game lasted 00:16:53 (2712 turns).

Scud the Stinger (Spriggan Venom Mage)              Turns: 2712, Time: 00:16:53

Health: -3/21      AC:  2    Str:  4    XL:     4   Next: 52%
Magic:  0/10       EV: 18    Int: 17    God:
Gold:   171        SH:  0    Dex: 16    Spells: 5/10 levels left

rFire    . . .     SeeInvis +   (weapon restricted)
rCold    . . .     Gourm    .   (shield restricted)
rNeg     . . .     Faith    .   a - +0 robe
rPois    .         Spirit   .   g - +0 hat
rElec    .         Reflect  .   (no cloak)
rCorr    .         Harm     .   (gloves unavailable)
MR       .....                  (boots unavailable)
Stlth    ++........             (no amulet)
HPRegen  0.07/turn              (no ring)
MPRegen  0.12/turn              (no ring)

@: very quick
A: very small, unfitting armour, see invisible, herbivore, speed 3, slow
metabolism 2
a: no special abilities


You were on level 3 of the Dungeon.
You were not hungry.

You visited 1 branch of the dungeon, and saw 3 of its levels.

You collected 171 gold pieces.

Inventory:

Armour
 a - a +0 robe (worn)
 g - a +0 hat (worn)
Scrolls
 b - a scroll of remove curse {unknown}
 f - a scroll of identify {unknown}
 j - a scroll of random uselessness {unknown}
Potions
 d - a potion of heal wounds {unknown}
 e - 3 potions of haste {unknown}
 h - a potion of curing {unknown}
 i - a potion of flight {unknown}
Comestibles
 c - 6 rations


   Skills:
 + Level 3.1 Dodging
 + Level 3.3 Stealth
 + Level 3.6 Spellcasting
 + Level 1.8 Conjurations
 + Level 4.1 Poison Magic


You had 5 spell levels left.
You knew the following spells:

 Your Spells              Type           Power        Failure   Level  Hunger
a - Sting                 Conj/Pois      ##..         4%          1    None
b - Olgreb's Toxic Radia  Pois           ###.....     30%         4    ####...

Your spell library contained the following spells:

 Spells                   Type           Power        Failure   Level  Hunger
 Poisonous Vapours        Pois/Air       ##....       11%         2    ##.....
 Mephitic Cloud           Conj/Pois/Air  #.......     22%         3    ###....
 Venom Bolt               Conj/Pois      ##........   80%         5    ######.


Dungeon Overview and Level Annotations

Branches:
Dungeon (3/15)

Altars:
Ru


Innate Abilities, Weirdness & Mutations

You are very small and have problems with some larger weapons.
You are too small for most types of armour.
You have supernaturally acute eyesight. (SInv)
You are a herbivore.
You cover ground extremely quickly.
You need to consume almost no food.


Message History

Confirm with . or Enter, or press ? or * to list all spells.
Aiming: Sting (safe; 4% risk of failure)
Press: ? - help, Shift-Dir - straight line, f/p - orc warrior
Aim: an orc warrior, wielding a +0 mace and wearing a +0 plate armour (moderately wounded, poisoned)
The sting hits the orc warrior but does no damage.
The orc warrior looks even sicker.
The orc warrior is moderately wounded.
The orc warrior throws a stone.
The stone hits you.
Casting: Sting (safe; 4% risk of failure)
Confirm with . or Enter, or press ? or * to list all spells.
Aiming: Sting (safe; 4% risk of failure)
Press: ? - help, Shift-Dir - straight line, f/p - orc warrior
Aim: an orc warrior, wielding a +0 mace and wearing a +0 plate armour (heavily wounded, poisoned)
The sting hits the orc warrior but does no damage.
The orc warrior looks even sicker.
The orc warrior is heavily wounded.
The orc warrior throws a stone.
The stone misses you.
The orc warrior throws a stone.
The stone hits you!!
Ouch! That really hurt!
You die...

........... ##
)..........#..#
..........#..#
#...........#
#o........#
#...#...#
.######)...#
........@..#
#####.....# #
#........# #.r
#.##.#.##(.>#
....
#.....##...#
##._.#
#..#.####...#
...... # #.#
##### ...#...
##.# ... ..#
#..#


You could see an orc warrior.

Vanquished Creatures
  An orc wizard (D:3)
  3 adders (D:2)
  A worm (D:2)
  4 orcs (D:3)
  2 bats (D:3)
  3 giant cockroaches
  12 hobgoblins
  6 frilled lizards
  2 goblins
  6 kobolds
  4 rats
44 creatures vanquished.

Notes
Turn   | Place    | Note
-------+----------+-------------------------------------------
     0 | D:1      | Scud the Spriggan Venom Mage began the quest for the Orb.
     0 | D:1      | Reached XP level 1. HP: 9/9 MP: 5/5
   857 | D:1      | Reached skill level 1 in Conjurations
  1190 | D:2      | Reached XP level 2. HP: 13/13 MP: 1/6
  1566 | D:2      | Reached XP level 3. HP: 13/16 MP: 1/8
  2450 | D:3      | Reached XP level 4. HP: 21/21 MP: 3/9
  2458 | D:3      | Noticed an orc warrior
  2477 | D:2      | Learned a level 4 spell: Olgreb's Toxic Radiance
  2539 | D:3      | Reached skill level 4 in Poison Magic
  2547 | D:3      | Found a sacrificial altar of Ru.
  2712 | D:3      | Hit by a stone thrown by an orc warrior

Skill      XL: |  1  2  3  4 |
---------------+-------------+-----
Conjurations   | 1 |  1.8
Spellcasting   | 3 |  3.6
Poison Magic   | 4 |  4.1
Dodging        | |  3.1
Stealth        | |  3.3

Action                   |  1- 3 |  4- 6 || total
-------------------------+-------+-------++-------
Melee: Unarmed           |    25 |     2 ||    27
 Cast: Sting             |    82 |    25 ||   107
       Olgreb's Toxic Ra |       |     1 ||     1
 Stab: Sleeping          |     1 |       ||     1
Armor: Robe              |     1 |     1 ||     2
Dodge: Dodged            |    44 |     9 ||    53
